 Dungeon Crawl Stone Soup version 0.29.1-12-g30fa7ad0bf (webtiles) character file.

Game seed: 5273485978831669940

25482 Peloso the Peltast (level 12, -9/88 (106) HPs)
             Began as a Minotaur Fighter on Dec 23, 2022.
             Was the Champion of Okawaru.
             Mangled by an orc warrior
             ... wielding a +0 long sword
             ... led by an orc knight
              (11 damage)
             ... while paralysed by an orc sorcerer
             ... on level 9 of the Dungeon.
             The game lasted 00:35:07 (15331 turns).

Peloso the Peltast (Minotaur Fighter)              Turns: 15331, Time: 00:35:08

HP:   -9/88 (106)   AC: 22    Str: 23    XL:     12   Next: 89%
MP:   11/11         EV:  2    Int:  9    God:    Okawaru [******]
Gold: 901           SH:  0    Dex: 13    Spells: 11/11 levels left

rFire   + . .      SeeInvis .   a - +5 scimitar of Omnucuk {flame, rElec rF+ Int+4}
rCold   . . .      Faith    .   d - +0 kite shield
rNeg    . . .      Spirit   .   y - +0 plate armour
rPois   +          Reflect  +   q - +2 hat
rElec   +          Harm     .   E - +0 cloak
rCorr   .          Rampage  .   C - +2 pair of gloves
Will    .....                   (no boots)
Stlth   ..........              e - amulet of reflection
HPRegen 0.24/turn               s - ring of poison resistance
MPRegen 0.12/turn               (no ring)

@: paralysed, heavily drained
A: horns 2, retaliatory headbutt
a: Renounce Religion, Heroism, Finesse, Duel


You were on level 9 of the Dungeon.
You worshipped Okawaru.
Okawaru was exalted by your worship.
You visited 4 branches of the dungeon, and saw 14 of its levels.
You also visited: Sewer and Ossuary.

You collected 1000 gold pieces.
You spent 99 gold pieces at shops.

Inventory:

Hand Weapons
 a - the +5 scimitar of Omnucuk (weapon) {flame, rElec rF+ Int+4}
   (Okawaru gifted it to you on level 2 of the Lair of Beasts)

   It burns those it strikes, dealing additional fire damage.
   Big, fiery blades are also staple armaments of hydra-hunters.
   Int:       It affects your intelligence (+4).
   rF:        It protects you from fire.
   rElec:     It insulates you from electricity.
 b - a +2 vampiric falchion
Armour
 c - a +0 chain mail
 d - a +0 kite shield (worn)
 q - a +2 hat (worn)
 y - a +0 plate armour (worn)
 C - a +2 pair of gloves (worn)
 E - a +0 cloak (worn)
Jewellery
 e - an amulet of reflection (around neck)
 s - a ring of poison resistance (left hand)
 u - a ring of fire
 z - an amulet of guardian spirit
 F - a ring of magical power
 M - a ring of resist corrosion
 N - an amulet of regeneration
Wands
 h - a wand of polymorph (24)
 k - a wand of flame (32)
 o - a wand of roots (12)
 t - a wand of quicksilver (13)
Scrolls
 f - 2 scrolls of fear
 g - 4 scrolls of teleportation
 l - 2 scrolls of blinking
 m - a scroll of brand weapon
 n - 4 scrolls of noise
 p - 2 scrolls of enchant weapon
 r - a scroll of poison
 x - 2 scrolls of immolation
 B - a scroll of acquirement
 H - 5 scrolls of enchant armour
 J - 2 scrolls of magic mapping
 L - 7 scrolls of identify
Potions
 i - 3 potions of curing
 j - 5 potions of mutation
 v - a potion of ambrosia
 w - a potion of cancellation
 A - a potion of invisibility
 G - a potion of might
 I - 2 potions of heal wounds
 K - 2 potions of haste


   Skills:
 + Level 10.2 Fighting
 + Level 13.9 Long Blades
 + Level 12.1 Armour
 + Level 4.2 Dodging
 + Level 1.2 Stealth
 + Level 15.8 Shields
 + Level 1.7 Unarmed Combat
 + Level 0.6 Invocations
 + Level 0.5 Evocations


You had 11 spell levels left.
You didn't know any spells.
Your spell library contained the following spells:

 Spells                   Type           Power      Damage    Failure   Level
 Apportation              Tloc           0%         N/A       100%        1
 Necrotise                Necr           0%         1d4       100%        1
 Sandblast                Erth           0%         2d4       100%        1
 Passwall                 Tmut/Erth      0%         N/A       100%        2
 Conjure Flame            Conj/Fire      0%         6-21      100%        3
 Ignite Poison            Fire/Tmut/Pois 0%         N/A       100%        3
 Stone Arrow              Conj/Erth      0%         3d7       100%        3
 Corpse Rot               Necr/Pois/Air  0%         N/A       100%        4
 Dispel Undead            Necr           0%         3d6       100%        4
 Sticky Flame             Conj/Fire      0%         2d3       100%        4
 Summon Small Mammal      Summ           Unusable   N/A       N/A         1
 Death Channel            Necr           Unusable   N/A       N/A         6

Dungeon Overview and Level Annotations

Branches:
Dungeon (10/15)            Temple (1/1) D:4            Lair (2/5) D:8
  Snake (0/4) Lair:2          Orc (1/2) D:9           Sewer (visited)
Ossuary (visited)
  Swamp: Lair:2-3    Shoals: Lair:2-3

Altars:
Ashenzari
Cheibriados
Dithmenos
Elyvilon
Fedhas
Gozag
Hepliaklqana
Kikubaaqudgha
Makhleb
Nemelex Xobeh
Okawaru
Qazlal
Ru
Sif Muna
Trog
Uskayaw
Vehumet
Wu Jian
Xom
Yredelemnul
Zin
The Shining One

Shops:
D:2 !   D:6 [   D:8 [

Annotations:
Lair:2 3 runed translucent doors, Xushrum's ghost, journeyman GrEE


Innate Abilities, Weirdness & Mutations

You have a pair of horns on your head.
You reflexively headbutt those who attack you in melee.


Message History

You easily resist.
You block the orc knight's attack.
The orc knight roars a battlecry!
The orcs go into a battle-frenzy!
The orc warrior hits you but does no damage.
There is a staircase back to the Dungeon here.
Hit: a) +5 scimitar of Omnucuk {flame, rElec rF+ Int+4}
Press: ? - help, Dir - move target, f - orc knight
Aim: an orc knight, wielding a +2 great mace of draining and wearing a +0 plate armour (about 29% to evade the +5 scimitar of Omnucuk)
Okay, then.
The orc knight roars a battlecry!
The orc knight goes into a battle-frenzy!
You block the orc warrior's attack. You block the troll's attack.
The troll claws you but does no damage. The troll claws you.
The orc knight hits you with a +2 great mace of draining!
You feel drained.
The orc sorcerer casts a spell.
You climb upwards.
Welcome back to the Dungeon!
The sixfirhy disappears in a puff of smoke!
There is a staircase to the Orcish Mines here.
Unknown command.
You slice the orc sorcerer!! You burn the orc sorcerer.
The orc sorcerer is heavily wounded.
Unknown command.
You hit the orc sorcerer but do no damage.
Your headbutt misses the orc sorcerer.
The orc sorcerer is heavily wounded.
The orc knight hits you with a +2 great mace of draining!!!
You feel drained. The troll bites you. The troll claws you but does no damage.
The troll barely misses you. You block the orc warrior's attack.
The orc sorcerer casts a spell at you.
You suddenly lose the ability to move!
The orc knight hits you with a +2 great mace of draining!
* * * LOW HITPOINT WARNING * * *
You feel drained.
* * * LOW HITPOINT WARNING * * *
The troll bites you!
* * * LOW HITPOINT WARNING * * *
The troll claws you but does no damage. The troll completely misses you.
The orc warrior hits you with a +0 long sword!
You die...

#..## ##..# ####...#### ###.#
#....8....# ##.... ####
#.........# ##.....
##..###.........# ##......
#.....#.........## #.......
#................# #......)
##.........o..[...######..)..
#...<)..8..o@o..8...# ######
#..[.........T....#.#
##.................#.######
####.......#.........##......####
...........#.........#...........
####.<.....#.........#...........
#.......#....8....#...........
#.......####...####...........
##.............# #............


You could see an orc knight (strong), a troll, an orc sorcerer (strong) and an
orc warrior (strong).

Vanquished Creatures
  2 hydras (Lair:2)
  2 two-headed ogres
  4 death yaks
  Amaemon (Lair:2)
  Nergalle (Lair:1)
  Pikel (D:6)
  A deep elf pyromancer (D:10)
  An orc sorcerer (Orc:1)
  Joseph (D:7)
  4 black mambas
  An orange demon (Lair:2)
  Maggie (D:7)
  2 cane toads
  A rime drake (Lair:2)
  2 komodo dragons
  2 trolls
  2 polar bears (Lair:2)
  A hornet (D:7)
  10 blink frogs (Lair:2)
  26 yaks
  Eustachio (D:4)
  2 shadows (D:8)
  3 wyverns
  2 steam dragons (D:6)
  4 vampire mosquitoes (D:10)
  Menkaure (D:7)
  Edmund (D:4)
  An acid dragon (D:10)
  Duvessa (D:4)
  11 water moccasins
  4 orc warriors
  2 sky beasts
  Pargi (Sewer)
  2 black bears
  An ice beast (D:8)
  5 ogres
  9 wolves
  3 centaurs
  4 lemures (D:6)
  2 phantoms
  7 bullfrogs
  4 necrophages
  4 gnoll sergeants
  2 scorpions (D:5)
  Dowan (D:4)
  A troll zombie (D:9)
  5 howler monkeys (D:9)
  2 centaur zombies (Ossuary)
  A jelly (D:5)
  3 orc priests
  8 hounds
  3 iguanas
  Jessica (D:2)
  5 orc wizards
  7 ogre zombies (D:9)
  5 mummies (Ossuary)
  18 gnolls
  8 adders
  2 shadow imps
  A white imp (D:6)
  A worm (D:3)
  2 dart slugs
  19 orcs
  4 endoplasms
  3 giant cockroaches
  A gnoll zombie (Ossuary)
  4 goblins
  11 hobgoblins
  10 jackals
  3 quokkas
  5 ball pythons
  12 bats
  5 frilled lizards
  A goblin skeleton (D:9)
  4 goblin zombies
  A hobgoblin skeleton (D:9)
  4 hobgoblin zombies
  6 kobolds
  2 kobold zombies (Ossuary)
  2 orc skeletons (D:9)
  16 orc zombies (D:9)
  7 rats
  A rat zombie (D:6)
  A spectral kobold (D:5)
339 creatures vanquished.

Vanquished Creatures (others)
  An orc (D:6)
  24 fungi
  55 plants
80 creatures vanquished.

Grand Total: 419 creatures vanquished

Notes
Turn   | Place    | Note
-------+----------+-------------------------------------------
     0 | D:1      | Peloso the Minotaur Fighter began the quest for the Orb.
     0 | D:1      | Reached XP level 1. HP: 19/19 MP: 0/0
   174 | D:1      | Reached XP level 2. HP: 18/27 MP: 1/1
   266 | D:1      | Found a faded altar of an unknown god.
   267 | D:1      | Noticed an eye of devastation
   273 | D:1      | Noticed a floating eye
   277 | D:1      | Noticed a great orb of eyes
   455 | D:1      | Noticed a shining eye
  1069 | D:2      | Found Rimmodue's Distillery.
  1082 | D:2      | Bought a potion of mutation for 88 gold pieces
  1082 | D:2      | Bought a potion of degeneration for 11 gold pieces
  1182 | D:2      | Noticed Jessica
  1187 | D:2      | Killed Jessica
  1188 | D:2      | Reached skill level 4 in Shields
  1188 | D:2      | Reached XP level 3. HP: 33/33 MP: 2/2
  1663 | D:3      | Identified the +1 leather armour "Hiestig" {*Slow rC- rCorr
                  | Dex+10}
  1673 | D:3      | Reached XP level 4. HP: 37/41 MP: 3/3
  1694 | D:3      | Found a glowing drain.
  1715 | Sewer    | Entered a sewer
  1758 | Sewer    | Noticed Pargi
  1777 | Sewer    | Killed Pargi
  1778 | Sewer    | Reached XP level 5. HP: 32/47 MP: 4/4
  2206 | D:3      | Found a bloodstained altar of Trog.
  2206 | D:3      | Found a burning altar of Makhleb.
  2306 | D:3      | Found an ornate altar of the Wu Jian Council.
  2602 | D:4      | Noticed an ogre
  2734 | D:4      | Noticed Duvessa
  2752 | D:4      | Noticed Eustachio
  2765 | D:4      | Noticed Dowan
  2766 | D:4      | Killed Duvessa
  2767 | D:4      | Reached skill level 5 in Armour
  2767 | D:4      | Reached skill level 1 in Dodging
  2767 | D:4      | Reached skill level 5 in Shields
  2767 | D:4      | Reached XP level 6. HP: 53/53 MP: 5/5
  2774 | D:4      | Killed Eustachio
  2775 | D:4      | Reached skill level 5 in Long Blades
  2947 | D:4      | Killed Dowan
  2948 | D:4      | Reached skill level 1 in Stealth
  3024 | D:4      | Noticed Edmund
  3039 | D:4      | Reached skill level 1 in Unarmed Combat
  3039 | D:4      | Reached XP level 7. HP: 57/60 MP: 6/6
  3044 | D:4      | Killed Edmund
  3045 | D:4      | Reached skill level 5 in Fighting
  3144 | D:4      | Found a glowing silver altar of Zin.
  3165 | D:4      | Reached skill level 6 in Shields
  3257 | D:4      | Found a staircase to the Ecumenical Temple.
  3310 | Temple   | Entered the Ecumenical Temple
  3392 | D:4      | Found an opulent altar of Gozag.
  3588 | D:5      | Entered Level 5 of the Dungeon
  3682 | D:5      | Reached XP level 8. HP: 46/68 MP: 7/7
  3688 | D:5      | Identified the +6 glaive "Ihucin" {venom, Dex+6}
  3897 | D:5      | Found a blossoming altar of Fedhas.
  4114 | D:5      | Found a basalt altar of Yredelemnul.
  4207 | D:5      | Found a hazy altar of Hepliaklqana.
  4280 | D:5      | Found a sacrificial altar of Ru.
  4791 | D:5      | Found a white marble altar of Elyvilon.
  4885 | D:6      | Noticed Pikel
  4958 | D:6      | Reached skill level 7 in Shields
  5055 | D:6      | HP: 3/70 [something (8)]
  5059 | D:6      | Reached XP level 9. HP: 10/75 MP: 8/8
  5064 | D:6      | Identified a scroll of acquirement
  5201 | D:6      | Found a sand-covered staircase.
  5212 | Ossuary  | Entered an ossuary
  5389 | Ossuary  | Reached skill level 8 in Shields
  5601 | D:6      | Found Ceuvem's Antique Armour Shoppe.
  5642 | D:6      | Found an iron altar of Okawaru.
  5766 | D:6      | Killed Pikel
  6266 | D:6      | Became a worshipper of Warmaster Okawaru
  6300 | D:6      | Found a sparkling altar of Nemelex Xobeh.
  6434 | D:7      | Noticed Menkaure
  6440 | D:7      | Killed Menkaure
  6456 | D:7      | Reached skill level 9 in Shields
  6560 | D:7      | Noticed Maggie
  6584 | D:7      | Killed Maggie
  6616 | D:7      | Reached * piety under Okawaru
  6821 | D:7      | Reached skill level 10 in Long Blades
  6835 | D:7      | Reached XP level 10. HP: 66/86 MP: 9/9
  6966 | D:7      | Found a broken altar of Ashenzari.
  7166 | D:7      | Noticed Joseph
  7183 | D:7      | Killed Joseph
  7183 | D:7      | Reached ** piety under Okawaru
  7367 | D:8      | Found a staircase to the Lair.
  7857 | D:8      | Reached skill level 10 in Shields
  8100 | D:8      | Found Tafo's Armour Shoppe.
  9059 | D:9      | Found a staircase to the Orcish Mines.
  9308 | D:9      | Reached *** piety under Okawaru
  9319 | D:9      | Reached skill level 10 in Armour
  9327 | D:9      | Reached skill level 11 in Shields
  9719 | D:9      | Noticed a two-headed ogre
  9725 | D:9      | Killed a two-headed ogre
  9725 | D:9      | Reached **** piety under Okawaru
  9726 | D:9      | Reached XP level 11. HP: 94/94 MP: 7/10
  9733 | D:9      | Identified the +4 helmet of the Wasteland {-Cast Dex+3
                  | Slay+5}
  9746 | D:9      | Found a shimmering altar of Xom.
 10582 | D:10     | Entered Level 10 of the Dungeon
 10619 | D:10     | Found a shadowy altar of Dithmenos.
 10636 | D:10     | Noticed a two-headed ogre
 10649 | D:10     | Killed a two-headed ogre
 10922 | D:10     | Found a radiant altar of Vehumet.
 10947 | D:10     | Reached skill level 12 in Shields
 11057 | D:10     | Reached ***** piety under Okawaru
 11259 | D:10     | Noticed a deep elf pyromancer
 11281 | D:10     | Killed a deep elf pyromancer
 11365 | D:10     | Noticed a purple ugly thing
 11365 | D:10     | Noticed a deep elf pyromancer
 11636 | Lair:1   | Entered Level 1 of the Lair of Beasts
 11636 | Lair:1   | Noticed a death yak
 11637 | Lair:1   | Noticed a death yak
 11640 | Lair:1   | Noticed a death yak
 11640 | Lair:1   | Noticed a death yak
 11662 | D:8      | Killed a death yak
 11755 | D:8      | Killed a death yak
 11756 | D:8      | Reached skill level 13 in Shields
 11777 | D:8      | Killed a death yak
 11777 | D:8      | Identified the +9 longbow "Xuteng" {flame, rC- rCorr Int+5
                  | Stlth+} (Okawaru gifted it to you on level 8 of the
                  | Dungeon)
 11777 | D:8      | Received a gift from Okawaru
 11990 | Lair:1   | Killed a death yak
 12179 | Lair:1   | Noticed Nergalle
 12213 | Lair:1   | Killed Nergalle
 12654 | Lair:1   | Reached XP level 12. HP: 101/104 MP: 11/11
 12857 | Lair:1   | Reached skill level 14 in Shields
 13653 | Lair:2   | Found a staircase to the Snake Pit.
 13841 | Lair:2   | Noticed Amaemon
 13871 | Lair:2   | Killed Amaemon
 13872 | Lair:2   | Reached skill level 15 in Shields
 13907 | Lair:2   | Reached ****** piety under Okawaru
 13907 | Lair:2   | Identified the +5 scimitar of Omnucuk {flame, rElec rF+
                  | Int+4} (Okawaru gifted it to you on level 2 of the Lair of
                  | Beasts)
 13907 | Lair:2   | Received a gift from Okawaru
 13966 | Lair:2   | Noticed a four-headed hydra
 13975 | Lair:2   | Killed a one-headed hydra
 13976 | Lair:2   | Reached skill level 10 in Fighting
 14368 | Lair:2   | Found a runed translucent gate.
 14368 | Lair:2   | Found a runed translucent gate.
 14368 | Lair:2   | Found a runed translucent gate.
 14399 | Lair:2   | Noticed a seven-headed hydra
 14406 | Lair:2   | Killed a two-headed hydra
 14674 | Lair:2   | Noticed Xushrum's ghost (journeyman GrEE)
 15147 | Orc:1    | Entered Level 1 of the Orcish Mines
 15330 | D:9      | Paralysed by an orc sorcerer for 5 turns
 15331 | D:9      | HP: 2/88 [troll[an orc knight] (9)]
 15331 | D:9      | Mangled by an orc warrior

Illustrated notes

Levels and vault maps discovered:
D:1:      dpeg_arrival_lava_altar, layout_loops_corners,
          hellmonk_ecumenical_altar_watching_god
D:2:      layout_basic, serial_shops, nicolae_shop_advertising_works
          [nicolae_subvault_shop_adworks], serial_glass, glass_columns_a,
          glass_columns_b, uniq_jessica
D:3:      layout_basic, nicolae_wu_jian_glorious_leap,
          gammafunk_temple_overflow_wave, gup_sewer_entry_bubbles
D:4:      layout_rooms, mainiacjoe_overflow_surrounded_room,
          mainiacjoe_overflow_catwalk, minmay_temple_entry_butterflies,
          minmay_fractal_squares_5, uniq_duvessa, uniq_eustachio, uniq_edmund
D:5:      layout_gridville, kennysheep_ying_yang,
          nicolae_ru_sacrificial_ziggurat, fedhas_altar_3,
          nicolae_hepliaklqana_monster_ancestors, minmay_checkerbox
D:6:      layout_cave_pools, lemuel_doored_altar, mainiacjoe_overflow_alcove_1,
          enter_ossuary_3, serial_gnoll_camp, gnoll_camp_mini_loothouse,
          gnoll_camp_mini_hut, gnoll_camp_mini_doghouse, gnoll_camp_mini_house,
          gnoll_camp_mini_hut, serial_shops, nicolae_lakefront_shop,
          minmay_fractal_squares_diagonal_5, uniq_pikel
D:7:      layout_cave_pools, mainiacjoe_overflow_chevrons, uniq_joseph,
          uniq_menkaure, uniq_maggie
D:8:      layout_basic, david_lair_shrubbed, serial_shops, kennysheep_mini,
          nrook_pool_corridor
D:9:      layout_cave_pods, mainiacjoe_overflow_alcove_2, zombieorc2_lemuel
D:10:     layout_loops_cross, vehumet_altar_wand_db,
          nicolae_dithmenos_through_a_glass_darkly, nicolae_rejected_hall
Temple:   hellmonk_temple_two_chambers
Lair:1:   layout_regular_city, infiniplex_staircase_pool, uniq_nergalle
Lair:2:   layout_long_grid, minmay_snake_entry_six_corridors,
          ebering_ghost_rock_garden, columned_hall_lemuel, uniq_amaemon
Orc:1:    layout_caves, uniq_erica, uniq_gastronok

Skill      XL: |  1  2  3  4  5  6  7  8  9 10 11 12 |
---------------+-------------------------------------+-----
Fighting       | 4 5 7 8 9 10 | 10.2
Armour         | 4 5 6 7 8 10 11 12 | 12.1
Shields        | 4 5 6 7 9 11 13 15 | 15.8
Long Blades    | 3 4 5 6 7 10 11 12 13 | 13.9
Dodging        | 1 2 3 4 |  4.2
Stealth        | 1 |  1.2
Unarmed Combat | 1 |  1.7
Invocations    | |  0.6
Evocations     | |  0.5

Action                   |  1- 3 |  4- 6 |  7- 9 | 10-12 || total
-------------------------+-------+-------+-------+-------++-------
Melee: Long sword        |    96 |    94 |    26 |       ||   216
       Headbutt          |     9 |    14 |   103 |   289 ||   415
       Unarmed           |       |     8 |       |       ||     8
       Falchion          |       |       |   422 |   980 ||  1402
       Scimitar          |       |       |       |    91 ||    91
Invok: Heroism           |       |       |       |    12 ||    12
Evoke: Wand              |       |     3 |       |       ||     3
  Use: Scroll            |     5 |     2 |    14 |     2 ||    23
       Potion            |       |     2 |     3 |     2 ||     7
Armor: Scale mail        |    38 |       |       |       ||    38
       Chain mail        |    27 |    89 |   166 |       ||   282
       Skin              |       |     7 |       |       ||     7
       Plate armour      |       |       |    64 |   452 ||   516
Dodge: Dodged            |    52 |    45 |   181 |   264 ||   542
Block: Buckler           |    41 |    79 |   252 |   221 ||   593
       Reflection        |       |     2 |     1 |    17 ||    20
       Kite shield       |       |       |       |   760 ||   760
